 Dungeon Crawl Stone Soup version 0.29-a0-887-gcbe080d7e0 (webtiles) character file.

Game seed: 2421134968737778406

52165 funkygono the Arsonist (level 14, -2/86 HPs)
             Began as a Gargoyle Fire Elementalist on July 21, 2022.
             Was a High Priest of Vehumet.
             Slain by a cyclops (18 damage)
             ... on level 13 of the Dungeon.
             The game lasted 00:57:42 (23791 turns).

funkygono the Arsonist (GrFE)                      Turns: 23791, Time: 00:57:42

Health: -2/86      AC: 43    Str: 13    XL:     14   Next: 62%
Magic:  4/30       EV: 11    Int: 20    God:    Vehumet [*****.]
Gold:   1743       SH:  0    Dex:  6    Spells: 8/38 levels left

rFire   + . .      SeeInvis .   h - +6 flail (protect)
rCold   . . .      Faith    .   (no shield)
rNeg    + . .      Spirit   .   s - +7 Kryia's mail coat {PotionHeal*2 rC+}
rPois   ∞          Reflect  .   b - +3 helmet of Yredelemnul's Hatred {Regen+ rCorr Dex-4}
rElec   +          Harm     .   A - +1 cloak
rCorr   +          Rampage  .   z - +1 pair of gloves
Will    +....                   I - +0 pair of boots {Stlth+}
Stlth   +.........              t - amulet of regeneration
HPRegen 1.84/turn               N - +4 ring of evasion
MPRegen 0.22/turn               d - ring of fire

@: grasped by roots, under a protective aura, flying, constricted
A: sickness immunity, AC +10, big wings, negative energy resistance 1,
electricity resistance, torment resistance 1, petrification resistance
a: Renounce Religion


You were on level 13 of the Dungeon.
You worshipped Vehumet.
Vehumet was extremely pleased with you.
You visited 4 branches of the dungeon, and saw 19 of its levels.

You collected 1776 gold pieces.
You spent 33 gold pieces at shops.

Inventory:

Hand Weapons
 h - a +6 flail of protection (weapon)
 i - a +1 demon whip of venom
Armour
 b - the +3 helmet of Yredelemnul's Hatred (worn) {Regen+ rCorr Dex-4}
   (You acquired it on level 8 of the Dungeon)

   Dex:       It affects your dexterity (-4).
   Regen:     It increases your rate of health regeneration.
   rCorr:     It protects you from acid and corrosion.
 o - a +2 ring mail of poison resistance
 p - an orb of light
 s - the +7 Kryia's mail coat (worn) {PotionHeal*2 rC+}
   (You found it on level 2 of the Lair of Beasts)

   Potions are twice as effective at healing its wearer.
   rC:        It protects you from cold.
 u - a +2 robe of the Archmagi
 z - a +1 pair of gloves (worn)
 A - a +1 cloak (worn)
 I - a +0 pair of boots of stealth (worn)
 J - +0 acid dragon scales
Magical Staves
 e - a staff of fire
 y - a staff of cold
Jewellery
 d - a ring of fire (right hand)
 g - a ring of protection from cold
 j - a ring of positive energy
 m - an amulet of magic regeneration
 r - a ring of positive energy
 t - an amulet of regeneration (around neck)
 x - a ring of flight
 N - a +4 ring of evasion (left hand)
Wands
 n - a wand of polymorph (3)
 v - a wand of flame (72)
 w - a wand of digging (15)
 K - a wand of charming (14)
 L - a wand of iceblast (7)
 P - a wand of mindburst (3)
Scrolls
 a - a scroll of teleportation
 B - a scroll of butterflies
 D - 5 scrolls of poison
 E - 9 scrolls of identify
 R - 3 scrolls of blinking
Potions
 c - 5 potions of curing
 f - 2 potions of mutation
 k - 2 potions of heal wounds
 l - a potion of ambrosia
 q - 5 potions of flight
 G - 2 potions of haste
Miscellaneous
 F - a condenser vane


   Skills:
 * Level 9.2 Fighting
 + Level 0.6 Short Blades
 + Level 5.2 Maces & Flails
 + Level 8.0 Armour
 + Level 5.4 Dodging
 - Level 2.1 Stealth
 + Level 12.7 Spellcasting
 + Level 9.6 Conjurations
 + Level 12.9 Fire Magic
 + Level 0.2 Air Magic
 + Level 7.6 Earth Magic
 + Level 0.3 Poison Magic
 + Level 0.1 Evocations


You had 8 spell levels left.
You knew the following spells:

 Your Spells              Type           Power      Damage    Failure   Level
a - Foxfire               Conj/Fire      100%       2x1d9     1%          1
b - Scorch                Fire           100%       2d10      1%          2
c - Conjure Flame         Conj/Fire      72%        6-21      1%          3
d - Flame Wave            Conj/Fire      72%        2d13      1%          4
e - Starburst             Conj/Fire      36%        6d11      8%          6
f - Stone Arrow           Conj/Erth      94%        3d12      1%          3
g - Mephitic Cloud        Conj/Pois/Air  26%        N/A       4%          3
h - Fireball              Conj/Fire      36%        3d15      1%          5
i - Ignite Poison         Fire/Tmut/Pois 45%        N/A       2%          3

Your spell library contained the following spells:

 Spells                   Type           Power      Damage    Failure   Level
 Ozocubu's Refrigeration  Ice            6%         4d6       100%        7
 Shock                    Conj/Air       100%       1d9       1%          1
 Static Discharge         Conj/Air       32%        3-7/arc   1%          2
 Inner Flame              Hex/Fire       55%        N/A       1%          3
 Sticky Flame             Conj/Fire      72%        2d9       1%          4
 Dazzling Flash           Conj/Hex       62%        N/A       2%          3
 Hailstorm                Conj/Ice       31%        3d8       7%          4
 Iskenderun's Mystic Bla  Conj/Tloc      31%        2d8       7%          4
 Necrotise                Necr           48%        1d6       19%         1
 Summon Small Mammal      Summ           48%        N/A       19%         1
 Blink                    Tloc           24%        N/A       28%         2
 Freezing Cloud           Conj/Ice/Air   12%        6-21      32%         5
 Animate Armour           Summ/Erth      56%        N/A       36%         4
 Airstrike                Air            6%         0-3+      41%         4
 Swiftness                Air            13%        N/A       47%         3
 Call Canine Familiar     Summ           12%        N/A       50%         3
 Confusing Touch          Hex            12%        N/A       50%         3
 Lesser Beckoning         Tloc           12%        N/A       50%         3
 Summon Guardian Golem    Hex/Summ       12%        N/A       50%         3
 Vampiric Draining        Necr           12%        2d6       50%         3
 Yara's Violent Unravell  Hex/Tmut       6%         3d5       75%         5
 Dispel Undead            Necr           12%        3d9       88%         4
 Ice Form                 Ice/Tmut       12%        N/A       88%         4
 Agony                    Necr           12%        N/A       99%         5
 Manifold Assault         Tloc           12%        N/A       99%         5
 Simulacrum               Ice/Necr       6%         N/A       100%        6
 Enfeeble                 Hex            6%         N/A       100%        7
 Lehudib's Crystal Spear  Conj/Erth      23%        10d7      100%        8


Dungeon Overview and Level Annotations

Branches:
Dungeon (13/15)            Temple (1/1) D:6            Lair (3/5) D:9
  Swamp (0/4) Lair:2        Snake (0/4) Lair:3          Orc (2/2) D:10
    Elf (0/3) Orc:2
 Vaults: D:13-14

Altars:
Ashenzari
Cheibriados
Dithmenos
Elyvilon
Fedhas
Gozag
Hepliaklqana
Kikubaaqudgha
Makhleb
Nemelex Xobeh
Okawaru
Qazlal
Ru
Sif Muna
Trog
Uskayaw
Vehumet
Wu Jian
Xom
Yredelemnul
Zin
The Shining One

Shops:
D:3 !*   D:10 (   Orc:2 [(*

Portals:
Abyss: D:7

Annotations:
D:7 2 transporters, Protee's ghost, novice TeAE
D:10 3 runed translucent doors, ouz's ghost, novice DsGl
D:13 Jorgrun; Josephine
Lair:2 2 transporters


Innate Abilities, Weirdness & Mutations

You are immune to sickness and miasma.
Your stone body is resilient. (AC +10)
You are immune to poison.
Your large and strong wings let you fly.
You resist negative energy. (rN+)
You are resistant to electric shocks. (rElec)
You are resistant to unholy torment.
You are immune to petrification.


Message History

The seven-headed hydra bites you but does no damage.
The seven-headed hydra barely misses you. x2
The seven-headed hydra bites you but does no damage.
You hit the seven-headed hydra. You punch the seven-headed hydra.
The seven-headed hydra is almost dead.
Jorgrun closely misses you.
The seven-headed hydra bites you but does no damage. x2
The seven-headed hydra barely misses you.
The seven-headed hydra bites you but does no damage. x2
The seven-headed hydra barely misses you. x2
Jorgrun hits you with a +0 vorpal quarterstaff!
You sock the seven-headed hydra!
You kill the seven-headed hydra!
Vehumet accepts your kill.
A cyclops comes into view.
Jorgrun casts a spell at you.
Roots burst forth from the earth!
The grasping roots grab you! The grasping roots constrict you!
* * * LOW HITPOINT WARNING * * *
The roots grasp on you weakens, but your attempt to escape fails.
Jorgrun hits you but does no damage. The grasping roots constrict you.
You hit the cyclops but do no damage.
The cyclops is moderately wounded.
The cyclops barely misses you.
Jorgrun mutters some incantations to himself.
Jorgrun hits you but does no damage. The grasping roots constrict you.
You hit the cyclops.
The cyclops is heavily wounded.
Jorgrun points next to you and mumbles some strange words.
The wall shatters!
The blast of rock fragments hits you but does no damage.
The grasping roots constrict you.
The cyclops hits you but does no damage.
You sock the cyclops!
The cyclops is heavily wounded.
Jorgrun barely misses you. The grasping roots constrict you!
* * * LOW HITPOINT WARNING * * *
The cyclops hits you!!
You die...

## ###.##
#....#####
#.##.#...#
###..##.#.#.#
#####....#....#.#
..>#@#########.###
# ##########)Cg#
#...# ..
###........#).)####
###.#)#.
..))....$...†.....#
#......[
..................#
#.######
.))...)...........#
#.#
..[###....##.######
#.# .. ##..# #.#
#.# # #[c #'# #.#


You could see Jorgrun and a cyclops.

Vanquished Creatures
  Gastronok (D:11)
  2 orc warlords
  Snorg (D:11)
  Harold (Lair:2)
  3 boulder beetles
  An ogre mage (D:11)
  4 hydras
  Erolcha (D:11)
  2 centaur warriors
  Erica (D:11)
  2 two-headed ogres
  A sun demon (D:12)
  Nergalle (D:10)
  The ghost of Megustar the Arsonist, a novice DEFE of Vehumet (D:9)
  2 sixfirhies (D:12)
  Amaemon (Lair:1)
  Pikel (D:7)
  2 orc knights
  A wolf spider zombie (D:7)
  An oklob plant (D:12)
  2 ugly things
  2 manticores
  3 black mambas (Lair:2)
  2 centaur zombies (D:7)
  6 elephants
  A torpor snail (Lair:3)
  3 centaur skeletons (D:7)
  A cane toad (Lair:1)
  4 komodo dragons
  3 orange demons
  A rime drake (Lair:1)
  3 unseen horrors
  An ice devil (D:12)
  3 hellwings
  A meliai (D:9)
  A polar bear (Lair:3)
  7 trolls
  A hornet (D:8)
  Grinder (D:6)
  6 slime creatures (D:12)
  Prince Ribbit (D:7)
  8 dream sheep
  A ynoxinul (D:12)
  A wraith (D:10)
  40 yaks
  3 wyverns
  A steam dragon (D:9)
  A swamp worm (Lair:1)
  Edmund (D:6)
  6 water moccasins
  4 acid dragons
  A naga (Lair:3)
  Duvessa (D:7)
  32 orc warriors
  3 black bears
  An ice beast (D:6)
  2 sky beasts (D:7)
  4 ogres
  12 wolves
  15 centaurs
  2 kobold brigands (D:9)
  A lemure (D:7)
  10 bullfrogs
  Blork the orc (D:4)
  A gnoll sergeant (D:9)
  A necrophage (D:5)
  4 scorpions
  3 wights (D:9)
  Dowan (D:7)
  10 killer bees
  A howler monkey (D:13)
  8 electric eels
  8 hounds
  13 jellies
  Crazy Yiuf (D:6)
  2 quasits (D:12)
  17 orc priests
  4 iguanas
  A boggart zombie (D:7)
  35 orc wizards
  Natasha (thrice) (D:3)
  Robin (D:2)
  5 gnolls (D:9)
  8 adders
  5 shadow imps (D:7)
  4 worms
  2 dart slugs
  94 orcs
  A bat (D:2)
  24 endoplasms
  2 giant cockroaches
  12 goblins
  8 hobgoblins
  2 ball pythons (D:4)
  6 kobolds
521 creatures vanquished.

Vanquished Creatures (collateral kills)
  6 foxfires
6 creatures vanquished.

Vanquished Creatures (others)
  8 demonic plants (D:12)
  1466 foxfires
  11 fungi
  12 plants
  12 withered plants (D:7)
1509 creatures vanquished.

Grand Total: 2036 creatures vanquished

Notes
Turn   | Place    | Note
-------+----------+-------------------------------------------
     0 | D:1      | funkygono the Gargoyle Fire Elementalist began the quest
                  | for the Orb.
     0 | D:1      | Reached XP level 1. HP: 10/10 MP: 3/3
   342 | D:1      | Reached XP level 2. HP: 15/15 MP: 3/5
   345 | D:1      | Learned a level 2 spell: Scorch
   600 | D:1      | Found a faded altar of an unknown god.
  1303 | D:2      | Reached XP level 3. HP: 19/19 MP: 1/6
  1554 | D:2      | Noticed Robin
  1577 | D:2      | Killed Robin
  1682 | D:2      | Reached XP level 4. HP: 24/24 MP: 3/7
  1888 | D:3      | Found Koumytib's Assorted Antiques.
  1991 | D:3      | Found Qostres's Distillery.
  2062 | D:3      | Noticed Natasha
  2074 | D:3      | Killed Natasha
  2088 | D:3      | Noticed Natasha
  2103 | D:3      | Killed Natasha
  2203 | D:3      | Noticed Natasha
  2207 | D:3      | Killed Natasha
  2208 | D:3      | Reached XP level 5. HP: 28/28 MP: 3/9
  2394 | D:3      | Found a blossoming altar of Fedhas.
  2869 | D:3      | Learned a level 3 spell: Conjure Flame
  2874 | D:3      | Learned a level 4 spell: Flame Wave
  3156 | D:4      | Noticed a black bear
  3209 | D:4      | Killed a black bear
  3210 | D:4      | Reached skill level 1 in Armour
  3210 | D:4      | Reached skill level 5 in Fire Magic
  3210 | D:4      | Reached XP level 6. HP: 19/32 MP: 0/11
  3624 | D:4      | Noticed Blork the orc
  3633 | D:4      | Killed Blork the orc
  4272 | D:5      | Entered Level 5 of the Dungeon
  4385 | D:5      | Reached XP level 7. HP: 36/36 MP: 2/13
  5362 | D:6      | Reached XP level 8. HP: 41/41 MP: 0/15
  5379 | D:6      | Reached skill level 1 in Maces & Flails
  5604 | D:6      | Found a staircase to the Ecumenical Temple.
  5607 | D:6      | Noticed Grinder
  5607 | D:6      | Paralysed by Grinder for 2 turns
  5615 | D:6      | Killed Grinder
  5616 | D:6      | Reached skill level 1 in Fighting
  5616 | D:6      | Reached skill level 5 in Spellcasting
  5621 | Temple   | Entered the Ecumenical Temple
  5855 | D:6      | Found a runed translucent door.
  5856 | D:6      | Noticed Crazy Yiuf
  5862 | D:6      | Killed Crazy Yiuf
  5950 | D:6      | Found a stormy altar of Qazlal.
  6156 | D:6      | Noticed Edmund
  6176 | D:6      | Killed Edmund
  6177 | D:6      | Reached XP level 9. HP: 22/48 MP: 1/17
  6402 | D:6      | Found a shimmering blue altar of Sif Muna.
  6498 | D:6      | Found a burning altar of Makhleb.
  6501 | D:6      | Found a bloodstained altar of Trog.
  6562 | D:7      | Noticed a sun demon
  6576 | D:6      | Learned a level 6 spell: Starburst
  6662 | D:7      | Noticed Protee's ghost (novice TeAE)
  6810 | D:7      | Noticed a hellwing
  7167 | D:7      | Found a transporter.
  7170 | D:7      | Found a one-way gate to the infinite horrors of the Abyss.
  7187 | D:7      | Found a transporter.
  7205 | D:7      | Reached skill level 5 in Conjurations
  7231 | D:7      | Reached XP level 10. HP: 49/54 MP: 5/21
  7260 | D:7      | Noticed Pikel
  7267 | D:7      | Killed Pikel
  7446 | D:7      | Reached skill level 5 in Armour
  7730 | D:7      | Found a hazy altar of Hepliaklqana.
  7766 | D:7      | Noticed Duvessa
  7766 | D:7      | Noticed Dowan
  7777 | D:7      | Killed Duvessa
  7781 | D:7      | Killed Dowan
  7929 | D:7      | Noticed Prince Ribbit
  7940 | D:7      | Killed Prince Ribbit
  8250 | D:7      | Killed an unseen horror
  8588 | D:8      | Reached XP level 11. HP: 50/60 MP: 17/23
  8663 | D:8      | Found a white marble altar of Elyvilon.
  9001 | D:8      | Reached skill level 10 in Fire Magic
  9562 | D:8      | Identified a scroll of acquirement
  9562 | D:8      | Acquired the +3 helmet of Yredelemnul's Hatred {Regen+
                  | rCorr Dex-4}
  9743 | D:9      | Found a staircase to the Lair.
 10034 | D:9      | Found a snail-covered altar of Cheibriados.
 10108 | D:9      | Found a runed translucent gate.
 10108 | D:9      | Found a runed translucent gate.
 10108 | D:9      | Found a runed translucent gate.
 10142 | D:9      | Noticed a two-headed ogre
 10147 | D:9      | Killed a two-headed ogre
 10242 | D:9      | Reached skill level 5 in Fighting
 10486 | D:9      | Noticed Megustar's ghost (novice DEFE)
 10572 | D:9      | Identified the +2 leather armour "Wayqonu" {rPois SInv}
 10823 | D:9      | Identified the +2 long sword of Juntid {speed, rElec Str+2}
 10910 | D:9      | Learned a level 3 spell: Stone Arrow
 10921 | D:10     | Entered Level 10 of the Dungeon
 10941 | D:10     | Reached skill level 1 in Earth Magic
 11181 | D:10     | Noticed a two-headed ogre
 11187 | D:10     | Killed a two-headed ogre
 11188 | D:10     | Reached XP level 12. HP: 68/68 MP: 11/25
 11338 | D:10     | Reached skill level 10 in Spellcasting
 11459 | D:10     | Found a staircase to the Orcish Mines.
 12039 | D:10     | Found a radiant altar of Vehumet.
 12078 | D:10     | Became a worshipper of Vehumet
 12148 | D:10     | You fall into a shaft and drop 3 floors!
 12151 | D:13     | Noticed Josephine
 12629 | D:11     | Noticed Gastronok
 12649 | D:11     | Killed Gastronok
 12982 | D:10     | Found Mepob's Weapon Shoppe.
 13089 | D:10     | Noticed Nergalle
 13098 | D:10     | Killed Nergalle
 13395 | D:10     | Found a runed translucent gate.
 13395 | D:10     | Found a runed translucent gate.
 13395 | D:10     | Found a runed translucent gate.
 13404 | D:10     | Noticed ouz's ghost (novice DsGl)
 13405 | D:10     | Identified the +7 plate armour "Jil Boico" {rPois rC-
                  | Stlth+}
 13729 | D:9      | Killed Megustar's ghost
 13729 | D:9      | Reached * piety under Vehumet
 13729 | D:9      | Offered knowledge of Magic Dart by Vehumet.
 13961 | Lair:1   | Entered Level 1 of the Lair of Beasts
 14146 | Lair:1   | Reached skill level 5 in Earth Magic
 14203 | D:9      | Reached XP level 13. HP: 41/74 MP: 10/28
 14828 | Lair:1   | Noticed Amaemon
 14838 | Lair:1   | Killed Amaemon
 15279 | Lair:2   | Found the +7 Kryia's mail coat {PotionHeal*2 rC+}
 15281 | Lair:2   | Noticed Harold
 15291 | Lair:2   | Killed Harold
 15420 | Lair:2   | Found a transporter.
 15977 | Lair:2   | Reached ** piety under Vehumet
 16096 | Lair:2   | Found a staircase to the Swamp.
 16279 | Lair:2   | Offered knowledge of Static Discharge by Vehumet.
 16468 | Lair:2   | Found a transporter.
 17190 | Lair:3   | Reached skill level 5 in Dodging
 17303 | Lair:3   | Offered knowledge of Mephitic Cloud by Vehumet.
 17485 | Lair:3   | Found a staircase to the Snake Pit.
 17752 | Lair:3   | Reached *** piety under Vehumet
 18242 | Lair:3   | Learned a level 3 spell: Mephitic Cloud
 18404 | Orc:1    | Entered Level 1 of the Orcish Mines
 19043 | Orc:1    | Noticed an orc warlord
 19054 | Orc:1    | Offered knowledge of Olgreb's Toxic Radiance by Vehumet.
 19286 | D:10     | Killed an orc warlord
 19830 | Orc:2    | Entered Level 2 of the Orcish Mines
 20241 | Orc:2    | Found a staircase to the Elven Halls.
 20252 | Orc:2    | Reached **** piety under Vehumet
 20270 | Orc:2    | Offered knowledge of Lee's Rapid Deconstruction by Vehumet.
 20316 | Orc:2    | Gained mutation: Your large and strong wings let you fly.
                  | [Gargoyle growth]
 20316 | Orc:2    | Reached XP level 14. HP: 66/84 MP: 22/30
 20331 | Orc:2    | Noticed an orc warlord
 20353 | Orc:2    | Killed an orc warlord
 20358 | Orc:2    | Reached ***** piety under Vehumet
 20504 | Orc:2    | Offered knowledge of Fireball by Vehumet.
 20940 | Orc:2    | Found Raeroleew's Antique Weapon Shoppe.
 21022 | Orc:2    | Found Oheall's Antique Weapon Boutique.
 21024 | Orc:2    | Found Suis Rul's Antique Armour Shop.
 21141 | Orc:2    | Found Silil's General Store.
 21149 | Orc:2    | Bought a potion of curing for 33 gold pieces
 21156 | Orc:2    | Learned a level 5 spell: Fireball
 21318 | D:11     | Noticed Snorg
 21330 | D:11     | Killed Snorg
 21499 | D:11     | Noticed Erica
 21505 | D:11     | Killed Erica
 22071 | D:11     | Noticed Erolcha
 22079 | D:11     | Killed Erolcha
 22282 | D:11     | Reached skill level 5 in Maces & Flails
 23650 | D:13     | Learned a level 3 spell: Ignite Poison
 23771 | D:13     | Noticed Jorgrun
 23783 | D:13     | Offered knowledge of Ozocubu's Refrigeration by Vehumet.
 23791 | D:13     | Slain by a cyclops

Illustrated notes

Levels and vault maps discovered:
D:1:      eino_arrival_cavern_c, layout_loops_ring,
          hellmonk_ecumenical_altar_lost_god, minmay_pentomino_o2
D:2:      layout_basic, corner_web_ring, uniq_robin
D:3:      layout_basic, fedhas_altar_2, serial_shops,
          nicolae_shop_overgrown_old_shop, nicolae_shop_behind_doors,
          nicolae_eternal_life, uniq_natasha
D:4:      layout_loops_ring, uniq_blork_the_orc
D:5:      layout_gridville
D:6:      layout_cave_pools, tgw_sif, nicolae_overflow_hidden_temple,
          minmay_temple_entry_crystal_x, uniq_crazy_yiuf_cottage, uniq_grinder,
          uniq_edmund
D:7:      cheibrodos_grave_circle, layout_basic,
          worldfamousw_hep_ancestral_shrine, gammafunk_ghost_abyssal_escape,
          minmay_misc_feat_more_columns, nicolae_water_bricks,
          uniq_prince_ribbit1, uniq_pikel, uniq_duvessa
D:8:      layout_loops_ring, kennysheep_mini_moat,
          hangedman_abyss_or_decor_lesser_grid, hangedman_decor_peaks_small
D:9:      layout_irregular_city, mainiacjoe_overflow_small_starburst,
          erik_lair_island, gammafunk_ghost_split, enter_bailey_2,
          hangedman_abyss_or_decor_stabs, minivault_14
D:10:     layout_layer_cave, nicolae_vehumet_radiance, david_orc_4,
          biasface_ghost_orc_armoury, serial_shops,
          nicolae_shop_bloodbath_and_beyond, uniq_nergalle
D:11:     layout_rooms, minmay_diamond_spiral, uniq_snorg, uniq_erolcha,
          uniq_erica, uniq_gastronok
D:12:     lemuel_slime, layout_loops_ring, serial_demonic, serial_demonic_e,
          serial_demonic_g, serial_demonic_g, serial_demonic_d,
          serial_demonic_g, serial_demonic_f, serial_demonic_e
D:13:     layout_basic, gauntlet_entry_generic, uniq_jorgrun, uniq_josephine
Temple:   nicolae_temple_bog_church
Lair:1:   layout_regular_city, worms_lemuel, serial_bayou_shore_b,
          grunt_megastairs_1, lemuel_fruit_tree, uniq_amaemon
Lair:2:   gammafunk_cloud_chamber, layout_layer_cave, minmay_swamp_entry_eels,
          serial_bayou_lake_a, uniq_harold
Lair:3:   layout_regular_city, guppyfry_snake_entry_garden
Orc:1:    layout_caves, abandoned_shop, nicolae_orc_stony_grotto,
          minmay_orc_barracks
Orc:2:    grunt_orc_community_town_hall, layout_caves,
          grunt_orc_community_big_house_2, grunt_orc_community_big_house_1,
          grunt_orc_community_house_1, grunt_orc_community_house_1,
          grunt_orc_community_house_3, grunt_orc_community_house_1

Skill      XL: |  1  2  3  4  5  6  7  8  9 10 11 12 13 14 |
---------------+-------------------------------------------+-----
Fire Magic     | 4 5 6 7 8 9 10 11 12 | 12.9
Spellcasting   | 3 4 5 7 8 9 11 12 | 12.7
Armour         | 1 2 3 4 5 6 7 8 |  8.0
Conjurations   | 2 3 4 5 6 7 8 9 |  9.6
Dodging        | 2 3 4 5 |  5.4
Maces & Flails | 1 2 4 5 |  5.2
Fighting       | 1 2 3 5 6 8 9 |  9.2
Earth Magic    | 2 5 6 7 |  7.6
Short Blades   | |  0.6
Stealth        | |  2.1
Air Magic      | |  0.2
Poison Magic   | |  0.3
Evocations     | |  0.1

Action                   |  1- 3 |  4- 6 |  7- 9 | 10-12 | 13-15 || total
-------------------------+-------+-------+-------+-------+-------++-------
Melee: Short sword       |     4 |     5 |       |       |       ||     9
       Mace              |       |    13 |    35 |       |       ||    48
       Staff             |       |       |     8 |       |       ||     8
       Flail             |       |       |       |   151 |   102 ||   253
       Punch             |       |       |       |     5 |     2 ||     7
 Cast: Foxfire           |    45 |    81 |   168 |   270 |   293 ||   857
       Scorch            |     1 |    18 |    35 |   112 |    72 ||   238
       Flame Wave        |       |       |       |    37 |    31 ||    68
       Stone Arrow       |       |       |       |       |   156 ||   156
       Mephitic Cloud    |       |       |       |       |    15 ||    15
       Fireball          |       |       |       |       |     6 ||     6
       Ignite Poison     |       |       |       |       |     2 ||     2
Evoke: Wand              |       |       |     1 |       |     1 ||     2
  Use: Scroll            |       |    12 |     5 |    11 |     4 ||    32
       Potion            |       |       |     2 |     2 |     7 ||    11
Armor: Robe              |     2 |       |       |       |       ||     2
       Ring mail         |       |    35 |   186 |   356 |     6 ||   583
       Scale mail        |       |       |       |       |   303 ||   303
Dodge: Dodged            |    13 |    45 |   143 |   303 |   313 ||   817

Table legend: (Time is in decaauts)
 A = Elapsed time spent in this place.
 B = Non-inter-level travel time spent in this place.
 C = Inter-level travel time spent in this place.
 D = Time resting spent in this place.
 E = Time spent auto-exploring this place.
 F = Levels seen in this place.
 G = Mean time per level.
                   A        B        C        D        E       F      G
               +--------+--------+--------+--------+--------+-----+--------+
         Total |  23987 |  23398 |    589 |   1922 |  16455 |  19 | 1262.5 |
       Dungeon |  16973 |  16550 |    423 |   1632 |  11389 |  13 | 1305.6 |
        Temple |    214 |    196 |     18 |      0 |    186 |   1 |  214.0 |
          Lair |   4102 |   3981 |    121 |    151 |   3196 |   3 | 1367.3 |
  Orcish Mines |   2697 |   2672 |     25 |    139 |   1684 |   2 | 1348.5 |
               +--------+--------+--------+--------+--------+-----+--------+

Top non-repeatable levels by time:
    D:10: 2282 daAuts
     D:9: 1966 daAuts
  Lair:3: 1604 daAuts
     D:7: 1560 daAuts
    D:12: 1488 daAuts
    D:11: 1487 daAuts
  Lair:2: 1457 daAuts
   Orc:2: 1423 daAuts
     D:4: 1386 daAuts
     D:6: 1377 daAuts
   Orc:1: 1274 daAuts
     D:8: 1258 daAuts
     D:5: 1067 daAuts
     D:3: 1041 daAuts
  Lair:1: 1040 daAuts
